 Dungeon Crawl Stone Soup version 0.32-a0-931-g5a2cda0630 (webtiles) character file.

Game seed: 13515711510456697003

21 ragingrage the Cudgeller (level 2, 0/22 HPs)
             Began as a Mummy Reaver on Apr 13, 2024.
             Slain by a giant cockroach (1 damage)
             ... on level 1 of the Dungeon.
             The game lasted 00:01:19 (457 turns).

ragingrage the Cudgeller (Mummy Reaver)              Turns: 457, Time: 00:01:20

Health: 0/22       AC:  5    Str: 15    XL:     2   Next: 62%
Magic:  5/5        EV:  9    Int: 12    God:
Gold:   35         SH:  0    Dex: 10    Spells: 5/6 levels left

rFire   x . .        a - +0 mace
rCold   + . .        (no shield)
rNeg    + + +        d - +0 ring mail
rPois   ∞            (no helmet)
rElec   .            (no cloak)
rCorr   +            (no gloves)
SInv    .            (no boots)
Will    .....        (no amulet)
Stlth   +            c - ring of resist corrosion
HPRegen 0.23/turn    (no ring)
MPRegen 0.09/turn

%: faith
@: no status effects
A: cold resistance 1, negative energy resistance 3, torment resistance 2, heat
vulnerability 1, in touch with death 1, no potions, faith
a: no special abilities


You were on level 1 of the Dungeon.
You visited 1 branch of the dungeon, and saw 1 of its levels.

You collected 35 gold pieces.

Inventory:

Hand Weapons
 a - a +0 mace (weapon)
 f - a +0 sling
Armour
 b - a +0 leather armour
 d - a +0 ring mail (worn)
Magical Staves
 e - a staff of air
Jewellery
 c - a ring of resist corrosion (left hand)


   Skills:
 - Level 2.0 Fighting
 + Level 2.8 Maces & Flails
 - Level 1.5 Dodging
 + Level 0.9 Stealth
 - Level 2.6 Spellcasting
 - Level 2.4 Conjurations
 + Level 1.1 Necromancy


You had 5 spell levels left.
You knew the following spells:

 Your Spells              Type           Power      Damage    Failure   Level
a - Kiss of Death         Conj/Necr      32%        2d7       24%         1

Your spell library contained the following spells:

 Spells                   Type           Power      Damage    Failure   Level
 Momentum Strike          Conj/Tloc      8%         3d8       43%         2
 Hailstorm                Conj/Ice       4%         3d5       67%         3


Dungeon Overview and Level Annotations

Branches:
Dungeon (1/15)

Altars:


Innate Abilities, Weirdness & Mutations

You are immune to poison.
Your flesh is cold resistant. (rC+)
You are immune to negative energy. (rN+++)
You are immune to unholy pain and torment.
You are vulnerable to heat. (rF-)
You are in touch with the powers of death.
You do not drink.
You have a special connection with the divine. (Faith)


Message History

You barely miss the giant cockroach. The giant cockroach bites you.
The jackal bites you. The giant cockroach barely misses you.
You closely miss the giant cockroach. The jackal bites you.
* * * LOW HITPOINT WARNING * * *
The jackal barely misses you.
The giant cockroach bites you but does no damage.
You barely miss the giant cockroach.
The jackal bites you but does no damage.
The giant cockroach bites you but does no damage.
The jackal bites you but does no damage.
The giant cockroach bites you but does no damage.
You barely miss the giant cockroach. The jackal bites you.
* * * LOW HITPOINT WARNING * * *
The giant cockroach barely misses you. The jackal barely misses you.
You barely miss the giant cockroach. The giant cockroach closely misses you.
The jackal bites you.
* * * LOW HITPOINT WARNING * * *
The giant cockroach misses you.
You closely miss the giant cockroach. The jackal bites you.
* * * LOW HITPOINT WARNING * * *
The jackal barely misses you.
The giant cockroach bites you but does no damage.
You closely miss the giant cockroach. The jackal closely misses you.
The giant cockroach bites you but does no damage.
The jackal bites you but does no damage.
The giant cockroach bites you but does no damage.
You closely miss the giant cockroach. The jackal barely misses you.
The giant cockroach misses you. The jackal closely misses you.
You barely miss the giant cockroach.
The giant cockroach bites you but does no damage.
The jackal barely misses you. The giant cockroach barely misses you.
The jackal bites you but does no damage.
You hit the giant cockroach but do no damage.
The jackal bites you but does no damage.
The giant cockroach barely misses you.
You completely miss the giant cockroach.
The jackal bites you.
* * * LOW HITPOINT WARNING * * *
The giant cockroach bites you.
You die...

..#..#.
........###########
####..................
...........)..†...... .##
##.........#..........
....#.....................
#...#.....................
#.......#B#.....###.......
#.......#@#.....# #.......
#.......#h###...###.....##
#....K..##...#########
#............#...! #..
#............#.....+..
.......###...........#..
###.....# #..............
.......# ###............
........#####......##....


You could see a jackal, a giant cockroach and a kobold.

Vanquished Creatures
  A ball python (D:1)
  3 endoplasms (D:1)
  2 goblins (D:1)
  3 jackals (D:1)
  A quokka (D:1)
  5 bats (D:1)
  2 frilled lizards (D:1)
  A rat (D:1)
18 creatures vanquished.

Notes
Turn   | Place    | Note
-------+----------+-------------------------------------------
     0 | D:1      | ragingrage the Mummy Reaver began the quest for the Orb.
     0 | D:1      | Reached XP level 1. HP: 16/16 MP: 4/4
   276 | D:1      | Reached XP level 2. HP: 13/22 MP: 5/5
   383 | D:1      | Reached skill level 1 in Necromancy
   447 | D:1      | Upgraded the game from 0.32-a0-928-g1cae6b7ea0 to
                  | 0.32-a0-931-g5a2cda0630
   452 | D:1      | HP: 1/22 [jackal (3)]
   457 | D:1      | HP: 1/22 [jackal (1)]
   457 | D:1      | Slain by a giant cockroach

Illustrated notes

Levels and vault maps discovered:
D:1:      shiori_shiawase, layout_basic

Skill      XL: |  1  2 |
---------------+-------+-----
Necromancy     | 1 |  1.1
Fighting       | |  2.0
Maces & Flails | |  2.8
Dodging        | |  1.5
Stealth        | |  0.9
Spellcasting   | |  2.6
Conjurations   | |  2.4

Action                     || total
---------------------------++-------
  Melee: Mace              ||    84
 Armour: Ring mail         ||   104
  Dodge: Dodged            ||    76

Table legend: (Time is in decaauts)
 A = Elapsed time spent in this place.
 B = Non-inter-level travel time spent in this place.
 C = Inter-level travel time spent in this place.
 D = Time resting spent in this place.
 E = Time spent auto-exploring this place.
 F = Levels seen in this place.
 G = Mean time per level.
                   A        B        C        D        E       F      G
               +--------+--------+--------+--------+--------+-----+--------+
         Total |    480 |    480 |      0 |      0 |    259 |   1 |  480.0 |
       Dungeon |    480 |    480 |      0 |      0 |    259 |   1 |  480.0 |
               +--------+--------+--------+--------+--------+-----+--------+

Top non-repeatable levels by time:
     D:1: 480 daAuts
